 Dungeon Crawl Stone Soup version 0.25.0-11-g1f837a76a1 (webtiles) character file.

Game seed: 18357530563256164388

33135 protoss039 the Eclecticist (level 13, -4/63 HPs)
             Began as a Deep Elf Earth Elementalist on June 26, 2020.
             Was a High Priest of Vehumet.
             Slain by a fire dragon (6 damage)
             ... on level 13 of the Dungeon.
             The game lasted 01:10:01 (16667 turns).

protoss039 the Eclecticist (DEEE)                  Turns: 16667, Time: 01:10:02

Health: -4/63      AC:  7    Str:  5    XL:     13   Next: 35%
Magic:  0/37       EV: 13    Int: 26    God:    Vehumet [*****.]
Gold:   1128       SH:  0    Dex: 15    Spells: 33/48 levels left

rFire    + + .     SeeInvis .   z - +3 short sword (venom)
rCold    . . .     Gourm    .   (no shield)
rNeg     . . .     Faith    .   k - +2 robe {rF+}
rPois    .         Spirit   +   g - +1 helmet
rElec    .         Reflect  .   e - +0 cloak
rCorr    .         Harm     .   (no gloves)
MR       +....                  (no boots)
Stlth    +.........             F - amulet of guardian spirit
HPRegen  0.20/turn              i - ring of wizardry
MPRegen  0.25/turn              M - ring of protection from fire

@: confused
A: no striking features
a: Renounce Religion


You were on level 13 of the Dungeon.
You worshipped Vehumet.
Vehumet was extremely pleased with you.
You were hungry.

You visited 2 branches of the dungeon, and saw 15 of its levels.
You also visited: Ossuary.

You collected 1128 gold pieces.

Inventory:

Hand Weapons
 j - a cursed +0 falchion
 m - a +1 short sword of speed
 s - a +1 short sword of flaming
 z - a +3 short sword of venom (weapon)
 P - a +1 scimitar of flaming
Armour
 e - a +0 cloak (worn)
 g - a +1 helmet (worn)
 k - a +2 robe of fire resistance (worn)
 x - a +2 scale mail of cold resistance
 y - a +1 robe of cold resistance
Jewellery
 i - a ring of wizardry (left hand)
 v - an uncursed ring of poison resistance
 B - a +6 ring of strength
 C - an uncursed ring of stealth
 F - an amulet of guardian spirit (around neck)
 M - a ring of protection from fire (right hand)
 N - an uncursed amulet of reflection {unknown}
Wands
 q - a wand of acid (26)
 G - a wand of flame (12)
 J - a wand of enslavement (17)
 L - a wand of clouds (4)
 O - a wand of random effects (10)
Scrolls
 a - 7 scrolls of magic mapping
 b - a scroll of identify
 h - 9 scrolls of enchant armour
 l - 2 scrolls of blinking
 n - 2 scrolls of enchant weapon
 r - 3 scrolls of teleportation
 w - 4 scrolls of amnesia
 D - 4 scrolls of remove curse
 E - a scroll of fear
Potions
 c - 4 potions of mutation
 f - 3 potions of might
 o - a potion of curing
 p - 2 potions of stabbing
 t - a potion of ambrosia
 u - a potion of lignification
 A - a potion of haste
 H - a potion of flight
 I - a potion of cancellation
 K - a potion of resistance
Comestibles
 d - 21 rations


   Skills:
 - Level 0.2 Short Blades
 - Level 2.4 Dodging
 - Level 2.4 Stealth
 + Level 18.1 Spellcasting
 + Level 5.6 Conjurations
 + Level 2.6 Transmutations
 * Level 17.3 Earth Magic


You had 33 spell levels left.
You knew the following spells:

 Your Spells              Type           Power        Failure   Level  Hunger
a - Sandblast             Erth           ######       0%          1    None
b - Passwall              Tmut/Erth      ######..     1%          2    None
c - Stone Arrow           Conj/Erth      ######       1%          3    None
d - Petrify               Tmut/Erth      ######..     1%          4    None
e - Lee's Rapid Deconstr  Erth           #######...   1%          5    None

Your spell library contained the following spells:

 Spells                   Type           Power        Failure   Level  Hunger
 Ozocubu's Refrigeration  Ice            ###.......   30%         6    ###....
 Animate Skeleton         Necr           N/A          1%          1    None
 Apportation              Tloc           ###...       1%          1    None
 Beastly Appendage        Tmut           #####.       1%          1    None
 Corona                   Hex            ###....      1%          1    None
 Infusion                 Chrm           ###.         1%          1    None
 Summon Small Mammal      Summ           ###.         1%          1    None
 Call Imp                 Summ           ###.....     1%          2    None
 Ensorcelled Hibernation  Hex/Ice        ###...       1%          2    None
 Shroud of Golubria       Chrm/Tloc      ###...       1%          2    None
 Song of Slaying          Chrm           ###.....     1%          2    None
 Sticks to Snakes         Tmut           #####...     1%          2    None
 Spider Form              Tmut/Pois      ####......   1%          3    None
 Borgnjor's Vile Clutch   Necr/Erth      ######....   1%          5    None
 Call Canine Familiar     Summ           ###.....     2%          3    None
 Ozocubu's Armour         Chrm/Ice       ###.....     2%          3    None
 Spectral Weapon          Hex/Chrm       ###.....     2%          3    None
 Summon Guardian Golem    Hex/Summ       ###.....     2%          3    None
 Ice Form                 Ice/Tmut       ####....     4%          4    None
 Blade Hands              Tmut           #####.....   8%          5    None
 Summon Ice Beast         Ice/Summ       ###.....     9%          4    None
 Summon Lightning Spire   Summ/Air       ###.....     9%          4    None
 Silence                  Hex/Air        ###.......   22%         5    None
 Darkness                 Hex            ###.......   73%         6    ###....
 Shadow Creatures         Summ           N/A          73%         6    ###....


Dungeon Overview and Level Annotations

Branches:
Dungeon (14/15)            Temple (1/1) D:7            Lair (0/6) D:10
    Orc (0/2) D:12         Vaults (0/5) D:13        Ossuary (visited)

Altars:
Ashenzari
Cheibriados
Dithmenos
Elyvilon
Fedhas
Gozag
Hepliaklqana
Kikubaaqudgha
Makhleb
Nemelex Xobeh
Okawaru
Qazlal
Ru
Sif Muna
Trog
Uskayaw
Vehumet
Wu Jian
Xom
Yredelemnul
Zin
The Shining One

Portals:
Trove: D:11 (give 7 scrolls of fear)

Annotations:
D:7 Harold


Message History

The fire dragon bites you but does no damage.
The fire dragon claws you!
* * * LOW HITPOINT WARNING * * *
The fire dragon misses you.
The fire dragon bites you but does no damage.
The fire dragon claws you.
* * * LOW HITPOINT WARNING * * *
The fire dragon tramples you but does no damage.
The fire dragon breathes flames at you. The blast of flame hits you!
You resist.
* * * LOW HITPOINT WARNING * * *
Okay, then.
You're too confused!
Okay, then.
The fire dragon bites you!
* * * LOW HITPOINT WARNING * * *
The fire dragon claws you!
* * * LOW HITPOINT WARNING * * *
The fire dragon tramples you!
You die...

###..... ##...>...
#........ #........
#........ ###
##...#... ##.#####
##......
#......######......
#D@................
#..#...............
#####.##...#.......
#.......#.......
#...R....####...
####.....# ...
#....#### ...
###.....##...
##..........


You could see a fire dragon and a rakshasa.

Vanquished Creatures
  Gastronok (D:11)
  A tengu reaver (D:13)
  Azrael (D:12)
  Snorg (D:10)
  2 hydras (D:12)
  A centaur warrior (D:13)
  A catoblepas (D:13)
  A death knight (D:11)
  4 two-headed ogres
  A tengu warrior (D:9)
  3 death yaks (D:10)
  2 unseen horrors
  Pikel (D:6)
  A necromancer (D:9)
  A wolf spider (D:13)
  An ugly thing (D:12)
  2 cyclopes
  Joseph (D:7)
  9 slime creatures
  An ice statue (D:12)
  Psyche (D:10)
  An efreet (D:13)
  3 trolls (D:12)
  A polar bear (shapeshifter) (D:13)
  A meliai (D:13)
  4 hippogriffs
  2 wyverns
  2 water elementals (D:12)
  A shadow (D:11)
  A human (D:9)
  2 wraiths (D:13)
  2 yaks (D:9)
  2 fire elementals (D:12)
  Grum (D:10)
  2 hogs (D:9)
  A basilisk (D:10)
  A hungry ghost (D:8)
  3 steam dragons
  A soldier ant (D:13)
  A porcupine (D:10)
  A water moccasin (D:7)
  Edmund (D:6)
  3 hell hounds (D:12)
  6 ice beasts
  A hornet zombie (D:9)
  5 orc warriors
  6 sky beasts
  4 phantoms
  2 necrophages (D:13)
  A sky beast (shapeshifter) (D:13)
  A black bear (D:7)
  2 eyes of draining
  2 wolves (D:10)
  5 centaurs
  4 ogres
  2 crocodiles
  A big kobold (D:7)
  7 bullfrogs
  A water moccasin zombie (D:8)
  2 wyvern skeletons
  5 scorpions
  13 wights
  11 killer bees
  2 howler monkeys
  4 electric eels (D:12)
  3 centaur zombies
  10 crimson imps
  5 hounds
  13 orc priests
  2 centaur skeletons
  2 bullfrog skeletons
  5 iguanas
  2 jellies
  11 orc wizards
  3 hell rats (D:10)
  11 worker ants
  A killer bee zombie (D:7)
  A big kobold zombie (Ossuary)
  A hound skeleton (D:11)
  2 mummies (Ossuary)
  A worker ant zombie (D:11)
  Robin (D:2)
  2 river rats (D:10)
  4 adders
  An adder (shapeshifter) (D:13)
  A howler monkey skeleton (D:7)
  5 shadow imps
  5 adder zombies
  An adder skeleton (D:4)
  2 worms
  2 dart slugs (D:2)
  8 leopard geckos
  37 orcs
  A ball python (D:1)
  5 bats
  5 giant cockroaches
  6 hobgoblins
  7 jackals
  13 kobolds
  5 quokkas
  5 frilled lizards
  11 goblins
  A goblin zombie (Ossuary)
  10 hobgoblin zombies (Ossuary)
  A jackal skeleton (D:4)
  2 jackal zombies (Ossuary)
  9 kobold zombies (Ossuary)
  7 orc zombies (Ossuary)
  5 rats
  2 rat zombies (Ossuary)
398 creatures vanquished.

Vanquished Creatures (others)
  A hippogriff (D:13)
  2 electric eels (D:12)
3 creatures vanquished.

Grand Total: 401 creatures vanquished

Notes
Turn   | Place    | Note
-------+----------+-------------------------------------------
     0 | D:1      | protoss039 the Deep Elf Earth Elementalist began the quest
                  | for the Orb.
     0 | D:1      | Reached XP level 1. HP: 10/10 MP: 6/6
   135 | D:1      | Reached XP level 2. HP: 13/15 MP: 6/8
   606 | D:2      | Noticed Robin
   627 | D:2      | Killed Robin
   627 | D:2      | Reached skill level 4 in Spellcasting
   627 | D:2      | Reached XP level 3. HP: 10/19 MP: 0/10
  1663 | D:3      | Reached XP level 4. HP: 24/24 MP: 8/12
  2017 | D:3      | Reached skill level 5 in Earth Magic
  2030 | D:3      | Reached skill level 5 in Spellcasting
  2030 | D:3      | Reached XP level 5. HP: 22/28 MP: 5/14
  2156 | D:3      | Found a glowing golden altar of the Shining One.
  2343 | D:3      | Found a sacrificial altar of Ru.
  2361 | D:3      | You fall into a shaft and drop 1 floor!
  2715 | D:4      | Noticed an ogre
  2717 | D:4      | Killed an ogre
  2726 | D:4      | Learned a level 2 spell: Passwall
  2730 | D:4      | Learned a level 3 spell: Stone Arrow
  2788 | D:4      | Noticed an ogre
  2889 | D:4      | Reached skill level 6 in Spellcasting
  2910 | D:4      | Reached XP level 6. HP: 32/32 MP: 15/17
  3150 | D:4      | Noticed an ice beast
  3155 | D:4      | Killed an ice beast
  3155 | D:4      | Reached skill level 7 in Spellcasting
  3218 | D:4      | Reached XP level 7. HP: 36/36 MP: 15/19
  3560 | D:4      | Found a sparkling altar of Nemelex Xobeh.
  3560 | D:4      | Found a hide-covered altar of Uskayaw.
  3699 | D:5      | Entered Level 5 of the Dungeon
  3770 | D:5      | Reached skill level 8 in Spellcasting
  3782 | D:5      | Learned a level 4 spell: Petrify
  3788 | D:5      | Learned a level 5 spell: Lee's Rapid Deconstruction
  4383 | D:6      | Reached skill level 1 in Conjurations
  4450 | D:6      | Found a stormy altar of Qazlal.
  4453 | D:6      | Reached skill level 9 in Spellcasting
  4453 | D:6      | Reached XP level 8. HP: 41/41 MP: 14/23
  4763 | D:6      | Noticed Edmund
  4772 | D:6      | Killed Edmund
  4821 | D:6      | Noticed a hippogriff
  4830 | D:6      | Noticed Pikel
  4847 | D:6      | Killed Pikel
  4847 | D:6      | Reached skill level 10 in Spellcasting
  4850 | D:6      | Killed a hippogriff
  4850 | D:6      | Reached skill level 11 in Spellcasting
  4850 | D:6      | Reached XP level 9. HP: 43/45 MP: 4/26
  5101 | D:6      | Found a shadowy altar of Dithmenos.
  5375 | D:7      | Found a staircase to the Ecumenical Temple.
  5393 | D:7      | Reached skill level 10 in Earth Magic
  5399 | Temple   | Entered the Ecumenical Temple
  5404 | Temple   | Became a worshipper of Vehumet
  5458 | D:7      | Found a sand-covered staircase.
  5461 | D:7      | Noticed Joseph
  5469 | Ossuary  | Entered an ossuary
  5647 | Ossuary  | Reached * piety under Vehumet
  5647 | Ossuary  | Offered knowledge of Shock by Vehumet.
  5647 | Ossuary  | Reached skill level 12 in Spellcasting
  5692 | Ossuary  | Reached ** piety under Vehumet
  5894 | D:7      | Killed Joseph
  5894 | D:7      | Offered knowledge of Freeze by Vehumet.
  6311 | D:7      | Noticed Harold
  6320 | D:7      | HP: 1/67 [Harold/+0 war axe of venom (11)]
  6337 | D:7      | Reached skill level 13 in Spellcasting
  6337 | D:7      | Reached XP level 10. HP: 18/50 MP: 11/29
  6848 | D:8      | Offered knowledge of Conjure Flame by Vehumet.
  6855 | D:8      | Noticed a two-headed ogre
  7101 | D:8      | Killed a two-headed ogre
  7647 | D:8      | Reached skill level 14 in Spellcasting
  7729 | D:8      | Reached *** piety under Vehumet
  7944 | D:8      | Found a shimmering altar of Xom.
  7945 | D:8      | Found a burning altar of Makhleb.
  8365 | D:9      | Found a bloodstained altar of Trog.
  8702 | D:9      | Offered knowledge of Inner Flame by Vehumet.
  8885 | D:9      | Noticed a necromancer
  8911 | D:9      | Killed a necromancer
  8911 | D:9      | Reached XP level 11. HP: 54/54 MP: 4/31
  9297 | D:10     | Entered Level 10 of the Dungeon
  9432 | D:10     | Noticed Snorg
  9441 | D:10     | Noticed Grum
  9447 | D:10     | Killed Grum
  9447 | D:10     | Reached skill level 15 in Spellcasting
  9448 | D:10     | Killed Snorg
  9798 | D:10     | Noticed a tengu warrior
  9815 | D:9      | Killed a tengu warrior
 10049 | D:10     | Noticed a death yak
 10166 | D:10     | Noticed Psyche
 10172 | D:10     | Killed Psyche
 10174 | D:10     | Noticed a death yak
 10201 | D:10     | Noticed a death yak
 10203 | D:10     | Killed a death yak
 10209 | D:10     | Killed a death yak
 10355 | D:10     | Reached **** piety under Vehumet
 10395 | D:10     | Found a staircase to the Lair.
 10550 | D:10     | Killed an unseen horror
 10748 | D:10     | Offered knowledge of Yara's Violent Unravelling by Vehumet.
 10846 | D:10     | Killed a death yak
 10846 | D:10     | Reached skill level 16 in Spellcasting
 11162 | D:11     | Noticed a two-headed ogre
 11166 | D:11     | Killed a two-headed ogre
 11215 | D:11     | Found a burning altar of Makhleb.
 11281 | D:11     | Noticed Gastronok
 11337 | D:11     | Killed Gastronok
 11337 | D:11     | Reached XP level 12. HP: 59/59 MP: 2/34
 11914 | D:11     | Noticed a death knight
 11951 | D:11     | Killed a death knight
 11951 | D:11     | Reached skill level 15 in Earth Magic
 12446 | D:11     | Found a portal to a secret trove of treasure.
 12829 | D:12     | Noticed Azrael
 12840 | D:12     | Killed Azrael
 13321 | D:12     | Noticed a two-headed ogre
 13451 | D:12     | Reached skill level 5 in Conjurations
 13502 | D:12     | Killed a two-headed ogre
 13502 | D:12     | Reached skill level 17 in Spellcasting
 13757 | D:12     | Found a stormy altar of Qazlal.
 13838 | D:12     | Reached ***** piety under Vehumet
 13839 | D:12     | Found a staircase to the Orcish Mines.
 13843 | D:12     | Offered knowledge of Orb of Destruction by Vehumet.
 14111 | D:12     | Noticed a six-headed hydra
 14126 | D:12     | Killed a six-headed hydra
 14613 | D:12     | Noticed a seven-headed hydra
 14616 | D:12     | Killed a seven-headed hydra
 14772 | D:13     | Noticed a catoblepas
 14777 | D:13     | Killed a catoblepas
 15119 | D:13     | Reached XP level 13. HP: 63/63 MP: 25/36
 15699 | D:13     | Found a gate to the Vaults.
 15938 | D:13     | Offered knowledge of Ozocubu's Refrigeration by Vehumet.
 16159 | D:13     | Noticed a tengu reaver
 16165 | D:13     | Killed a tengu reaver
 16165 | D:13     | Reached skill level 18 in Spellcasting
 16231 | D:13     | Noticed a fire dragon
 16667 | D:13     | HP: 2/63 [fire dragon (4)]
 16667 | D:13     | Slain by a fire dragon

Illustrated notes

Levels and vault maps discovered:
D:1:      heliophobic_arrival_enchanted_forest, layout_rooms,
          grunt_decor_resistance
D:2:      layout_loops_ring, uniq_robin
D:3:      layout_rooms, nicolae_ru_sacrificial_ziggurat, tso_metal_star
D:4:      layout_gridville, gammafunk_temple_overflow_elements
D:5:      layout_rooms, first_ration, minmay_misc_feat_secret_circle
D:6:      layout_rooms, overflow_temple_1_default, grunt_decor_cap,
          nicolae_dithmenos_the_darkroom, uniq_pikel, uniq_edmund
D:7:      layout_rooms, minmay_temple_entry_wispy,
          lightli_ossuary_entry_decrepit_ruins, uniq_joseph, uniq_harold
D:8:      layout_loops_ring, grunt_temple_overflow_champion_of_chaos
D:9:      layout_big_octagon, lemuel_coloured_pillars_altar, grunt_livestock,
          minmay_librarian
D:10:     layout_roguey, dpeg_lair_monsters, columned_hall_lemuel, minmay_bent,
          uniq_grum, uniq_snorg, uniq_psyche
D:11:     cheibrodos_steamvent, layout_basic, basic_altar, enter_trove_6,
          uniq_gastronok
D:12:     lemuel_ice_statue, layout_basic, erik_orc_4, basic_altar, uniq_azrael
D:13:     layout_cave_pools, david_vaults_2, minivault_1,
          minmay_checkered_concentric_circles
D:14:     layout_gridville, kennysheep_cluttered_room, minmay_rotating_lava
Temple:   minmay_freezing_vapour_temple

Skill      XL: |  1  2  3  4  5  6  7  8  9 10 11 12 13 |
---------------+----------------------------------------+-----
Earth Magic    | 4 5 6 7 9 11 12 14 16 17 | 17.3
Spellcasting   | 4 5 6 7 9 11 13 14 16 17 18 | 18.1
Conjurations   | 1 2 3 4 5 |  5.6
Transmutations | 2 |  2.6
Short Blades   | |  0.2
Dodging        | |  2.4
Stealth        | |  2.4

Action                   |  1- 3 |  4- 6 |  7- 9 | 10-12 | 13-15 || total
-------------------------+-------+-------+-------+-------+-------++-------
Melee: Dagger            |    32 |     7 |       |       |       ||    39
       Short sword       |       |       |    98 |    12 |       ||   110
 Cast: Sandblast         |    51 |    53 |    75 |   177 |    22 ||   378
       Stone Arrow       |       |     4 |    38 |   173 |    59 ||   274
       Lee's Rapid Decon |       |       |    15 |    70 |    27 ||   112
       Petrify           |       |       |     2 |    14 |       ||    16
  Use: Scroll            |       |       |     7 |    19 |     1 ||    27
       Potion            |       |       |     5 |     3 |     2 ||    10
 Stab: Distracted        |     1 |       |       |       |       ||     1
       Sleeping          |       |       |       |     1 |       ||     1
  Eat: Chunk             |     2 |     5 |     8 |    23 |       ||    38
       Ration            |       |       |     1 |     2 |     1 ||     4
Armor: Robe              |     7 |     8 |    40 |    31 |     7 ||    93
       Skin              |       |       |       |     5 |       ||     5
Dodge: Dodged            |    35 |    21 |   115 |    74 |    10 ||   255
